 Dungeon Crawl Stone Soup version 0.31.0-9-g3a7656b989 (webtiles) character file.

Game seed: 13134427771320238382

1680 stipulation the Grappler (level 9, -2/70 HPs)
             Began as a Ghoul Monk on Jan 24, 2024.
             Slain by Duvessa
             ... wielding a +0 short sword of electrocution
              (7 damage)
             ... on level 5 of the Dungeon.
             The game lasted 00:03:09 (4542 turns).

stipulation the Grappler (Ghoul Monk)               Turns: 4542, Time: 00:03:09

Health: -2/70      AC:  9    Str: 23    XL:     9   Next: 2%
Magic:  9/9        EV:  9    Int:  9    God:
Gold:   175        SH:  0    Dex: 11    Spells: 8/8 levels left

rFire   . .          .
                       - Unarmed
rCold   + . .        c - orb {light}
rNeg    + + +        f - +0 chain mail
rPois   ∞            v - +0 helmet
rElec   .            (no cloak)
rCorr   .            (no gloves)
SInv    .            (no boots)
Will    +....        (no amulet) Stlth
                     p - ring of Heneol {rPois Str+4}
HPRegen 0.00/turn    (no ring)
MPRegen 0.11/turn

%: no passive effects
@: enlightened, flying, inhibited regen, glowing, studying Polearms
A: claws 1, cold resistance 1, negative energy resistance 3, inhibited
regeneration, torment resistance 2, devour on kill
a: no special abilities


You were on level 5 of the Dungeon.
You visited 1 branch of the dungeon, and saw 5 of its levels.

You collected 265 gold pieces.
You spent 90 gold pieces at shops.

Inventory:

Armour
 c - an orb of light (worn)
 f - a +0 chain mail (worn)
 v - a +0 helmet (worn)
Jewellery
 p - the ring of Heneol (left claw) {rPois Str+4}
   (You found it on level 2 of the Dungeon)

   [ring of poison resistance]

   Str+4:     It affects your strength (+4).
   rPois:     It protects you from poison
Wands
 a - a wand of roots (8)
Scrolls
 e - a scroll of enchant armour {unknown}
 g - 8 scrolls of identify {unknown}
 i - a scroll of silence {unknown}
 j - 2 scrolls of immolation {unknown}
 k - a scroll of amnesia {unknown}
 l - 3 scrolls of fear {unknown}
 m - a scroll of noise {unknown}
 n - a scroll of vulnerability {unknown}
 o - a scroll of blinking
 q - 2 scrolls of fog {unknown}
 s - 2 scrolls of enchant weapon {unknown}
 t - a scroll of poison {unknown}
 u - 2 scrolls of teleportation {unknown}
Potions
 h - a potion of heal wounds {unknown}
 r - 2 potions of enlightenment
 w - a potion of lignification {unknown}
 x - a potion of attraction {unknown}


   Skills:
 - Level 3.2 Fighting
 - Level 2.6 Dodging
 + Level 12.5 Unarmed Combat


You had 8 spell levels left.
You didn't know any spells.
Your spell library contained the following spells:

 Spells                   Type           Power      Damage    Failure   Level
 Shock                    Conj/Air       0%         1d3       96%         1
 Blink                    Tloc           0%         N/A       99%         2
 Lesser Beckoning         Tloc           0%         N/A       99%         2
 Momentum Strike          Conj/Tloc      0%         3d8       99%         2
 Swiftness                Air            0%         N/A       100%        3
 Airstrike                Air            0%         2d(0-16)  100%        4


Dungeon Overview and Level Annotations

Branches:
Dungeon (5/15)
 Temple: D:4-7

Altars:
Ashenzari
Fedhas
Xom

Shops:
D:2 ?   D:5 =

Annotations:
D:5 Dowan, Duvessa


Innate Abilities, Weirdness & Mutations

You are immune to poison.
You have sharp fingernails.
Your flesh is cold resistant. (rC+)
You are immune to negative energy. (rN+++)
You do not regenerate when monsters are visible.
You are immune to unholy pain and torment.
You thrive by killing the living.


Message History

The orc hits you with a +0 flail. The orc hits you but does no damage. x2
It was a potion of curing.
You feel better.
The orc hits you but does no damage. x3; The orc barely misses you.
The orc throws a boomerang.
The boomerang hits you but does no damage.
There is a large open door here.
You claw the orc!
You kill the orc!
You feel better.
You mangle the orc!!
You kill the orc!
The orc hits you from afar with a +0 trident.
The sentinel's mark upon you fades away.
You claw the orc!
You kill the orc!
You feel better. The orc hits you but does no damage.
You scratch Duvessa.
Duvessa is lightly wounded.
The orc hits you but does no damage. Duvessa closely misses you.
You scratch Duvessa.
Duvessa is lightly wounded.
The orc hits you but does no damage. Duvessa hits you but does no damage.
You are electrocuted!
You scratch Duvessa.
Duvessa is moderately wounded.
The orc hits you from afar with a +0 trident.
Duvessa hits you but does no damage.
You are electrocuted!
* * * LOW HITPOINT WARNING * * *
You claw Duvessa!
Duvessa is heavily wounded.
The orc hits you but does no damage. Duvessa barely misses you.
You claw Duvessa!
Duvessa is almost dead.
You scratch Duvessa.
Duvessa is almost dead.
The orc hits you from afar with a +0 trident!
* * * LOW HITPOINT WARNING * * *
Duvessa hits you with a +0 short sword of electrocution!
You die...

.#.....P.............)...........
.#....~~~~~≈~~~~~~~≈~~~~)....~~~~
.#....~≈≈≈≈≈≈≈≈≈≈≈≈≈≈≈≈≈~....≈≈≈≈
.#....≈≈#### ~~~~~≈≈≈~~~~..(.~~~≈
.#....~≈#. ..............).....
.#....~≈#.. #############''''####
.#...P≈≈###'#....' #....#
.#....≈≈≈.#......# #....#
.#....≈≈~.# #..o@# #..).#
.#....~≈~.#.##'e#########....####
.#....~~~.#....o)eo.....#)...#...
.#....~~~.#....))oge#8).)....'...
.#....~≈~.#.##''##o.#8..'....'...
.#.P..~≈~.# #....#......#8..8#...
.#....~≈~.#......################
##....~~###'#....
#...P~≈#...#####################


You could see Duvessa and 2 orcs.

Vanquished Creatures
  Sigmund (D:4)
  Menkaure (D:4)
  A black bear (D:5)
  2 ogres
  A phantom (D:4)
  Blork the orc (D:4)
  A kobold brigand (D:5)
  3 howler monkeys
  2 bombardier beetles (D:5)
  4 hounds (D:5)
  A gnoll bouda (D:4)
  3 orc priests
  Ijyb (D:4)
  2 sleepcaps (D:5)
  2 orc wizards (D:5)
  Robin (D:3)
  13 gnolls
  6 adders
  2 dart slugs
  A ribbon worm (D:5)
  27 orcs
  9 ball pythons
  7 endoplasms
  6 giant cockroaches
  16 hobgoblins
  22 jackals
  4 quokkas
  8 bats
  3 frilled lizards
  12 goblins
  4 kobolds
  4 rats (D:1)
171 creatures vanquished.

Notes
Turn   | Place    | Note
-------+----------+-------------------------------------------
     0 | D:1      | stipulation the Ghoul Monk began the quest for the Orb.
     0 | D:1      | Reached XP level 1. HP: 19/19 MP: 1/1
    45 | D:1      | Reached XP level 2. HP: 21/26 MP: 2/2
    52 | D:1      | Reached skill level 4 in Unarmed Combat
   254 | D:1      | Reached XP level 3. HP: 31/31 MP: 3/3
   917 | D:2      | Reached skill level 5 in Unarmed Combat
   969 | D:2      | Reached XP level 4. HP: 35/38 MP: 4/4
  1152 | D:2      | Identified the +6 spear "Tomumul" {freeze, MP+9 Int-3
                  | Dex+2}
  1235 | D:2      | Found a faded altar of an unknown god.
  1239 | D:2      | Found Deulec's Magic Scroll Emporium.
  1248 | D:2      | Bought a scroll of blinking for 90 gold pieces
  1271 | D:2      | Identified the ring of Heneol {rPois Str+4}
  1365 | D:2      | Reached skill level 6 in Unarmed Combat
  1665 | D:2      | Reached XP level 5. HP: 43/45 MP: 5/5
  1745 | D:3      | Found a blossoming altar of Fedhas.
  2084 | D:3      | Reached skill level 7 in Unarmed Combat
  2247 | D:3      | Noticed Robin
  2258 | D:3      | Reached XP level 6. HP: 46/51 MP: 6/6
  2272 | D:3      | Killed Robin
  2273 | D:3      | Found a shimmering altar of Xom.
  2691 | D:4      | Noticed Ijyb
  2691 | D:4      | Noticed Menkaure
  2699 | D:4      | Killed Menkaure
  2700 | D:4      | Reached skill level 8 in Unarmed Combat
  2708 | D:4      | Killed Ijyb
  2874 | D:4      | Noticed Sigmund
  2891 | D:4      | Killed Sigmund
  2892 | D:4      | Reached skill level 9 in Unarmed Combat
  2892 | D:4      | Reached XP level 7. HP: 48/57 MP: 7/7
  2946 | D:4      | Noticed Blork the orc
  2952 | D:4      | Killed Blork the orc
  3287 | D:4      | Reached skill level 10 in Unarmed Combat
  3415 | D:4      | Found a broken altar of Ashenzari.
  3490 | D:4      | Reached XP level 8. HP: 54/63 MP: 8/8
  3752 | D:5      | Entered Level 5 of the Dungeon
  3999 | D:5      | Reached skill level 11 in Unarmed Combat
  4167 | D:5      | Found Izievixec's Jewellery Shop.
  4311 | D:5      | Reached skill level 12 in Unarmed Combat
  4516 | D:5      | Noticed Duvessa
  4517 | D:5      | Reached XP level 9. HP: 69/70 MP: 9/9
  4521 | D:5      | Noticed Dowan
  4542 | D:5      | Slain by Duvessa

Illustrated notes

Levels and vault maps discovered:
D:1:      dpeg_arrival_connections, layout_basic, chequers_big_river,
          minmay_tromino_v4_a
D:2:      kennysheep_six_static_rooms, layout_basic, basic_ecumenical_altar,
          serial_shops, shop, kennysheep_generic_room_15
D:3:      layout_loops_ring, mainiacjoe_overflow_small_starburst,
          fedhas_altar_2, uniq_robin
D:4:      layout_cave_pods, lemuel_crystal_altar, uniq_ijyb, uniq_blork_the_orc,
          uniq_menkaure, uniq_sigmund
D:5:      lemuel_castle_with_subvaults [lemuel_castle_interior_carwin_2],
          layout_gridville, serial_shops, shop, uniq_duvessa

Skill      XL: |  1  2  3  4  5  6  7  8 |
---------------+-------------------------+-----
Unarmed Combat | 4 5 6 7 9 10 12 | 12.5
Fighting       | |  3.2
Dodging        | |  2.6

Action                     |  1- 3 |  4- 6 |  7- 9 || total
---------------------------+-------+-------+-------++-------
  Melee: Unarmed           |    92 |   148 |   184 ||   424
    Use: Potion            |       |     1 |     3 ||     4
 Armour: Robe              |    11 |       |       ||    11
         Chain mail        |   115 |    94 |   153 ||   362
  Dodge: Dodged            |    68 |    47 |    88 ||   203
